 Dungeon Crawl Stone Soup version 0.21-b1-23-g1fb0a74 (webtiles) character file.

4312 KeeTraxx the Martial Artist (level 10, -11/76 HPs)
             Began as a Gnoll Transmuter on Jan 5, 2018.
             Was a Follower of Okawaru.
             Mangled by a two-headed ogre
             ... wielding a +0 dire flail
              (25 damage)
             ... on level 8 of the Dungeon.
             The game lasted 00:22:44 (8387 turns).

KeeTraxx the Martial Artist (Gnoll Transmuter)      Turns: 8387, Time: 00:22:45

Health: -11/76     AC:  3    Str: 12    XL:     10   Next: 33%
Magic:  18/20      EV: 27    Int: 19    God:    Okawaru [*.....]
Gold:   372        SH:  0    Dex: 21    Spells: 13/23 levels left

rFire    . . .     SeeInvis .     - Unarmed
rCold    . . .     Gourm    .   (shield currently unavailable)
rNeg     . . .     Faith    .   (armour currently unavailable)
rPois    x         Spirit   .   (helmet currently unavailable)
rElec    .         Reflect  .   (cloak currently unavailable)
rCorr    .         Harm     .   (gloves currently unavailable)
MR       .....                  (boots currently unavailable)
Stlth    +++.......             (no amulet)
HPRegen  0.22/turn              s - +1 ring of protection
MPRegen  0.17/turn              (no ring)

@: spider-form, slowed, very slow
A: tiny, distributed training, strong nose
a: End Transformation, Heroism, Renounce Religion


You were on level 8 of the Dungeon.
You worshipped Okawaru.
Okawaru was aware of your devotion.
You were not hungry.
You were a venomous arachnid creature.
You visited 2 branches of the dungeon, and saw 9 of its levels.
You also visited: Sewer.

You collected 372 gold pieces.

Inventory:

Hand Weapons
 b - a +0 hunting sling
 t - a +0 blowgun
 D - the +7 trident "Dilefa" (melded) {protect, Dex+5}
   (You found it on level 7 of the Dungeon)

   It protects the one who uses it against injury (+AC on strike).
   It affects your dexterity (+5).
Missiles
 a - 48 arrows
 h - 15 sling bullets
 u - 20 poisoned needles
 w - 131 stones (quivered)
 C - 5 tomahawks
Armour
 e - a +0 pair of boots (melded)
 m - a +0 cloak (melded)
 q - a +0 leather armour (melded)
 v - a +0 robe
 K - the +0 scale mail "Vown" {rF+ Regen+ Str+2}
   (You found it on level 7 of the Dungeon)

   It affects your strength (+2).
   It protects you from fire.
   It increases your rate of regeneration.
Jewellery
 s - a +1 ring of protection (left front leg)
Wands
 x - a wand of acid (2)
Scrolls
 g - 2 scrolls of remove curse
 k - 2 scrolls of magic mapping
 l - 7 scrolls of teleportation
 p - 4 scrolls of identify
 r - a scroll of enchant armour {unknown}
 y - a scroll of immolation {unknown}
 A - 2 scrolls of blinking {unknown}
 E - a scroll of fear
 F - a scroll of fog {unknown}
 I - a scroll of random uselessness {unknown}
Potions
 f - a potion of experience {unknown}
 i - 7 potions of curing
 j - a potion of ambrosia {unknown}
 n - a potion of agility {unknown}
 o - 4 potions of degeneration {unknown}
 z - a potion of mutation {unknown}
 B - 2 potions of flight {unknown}
 G - a potion of haste {unknown}
Books
 c - a book of Changes

   Spells                             Type                      Level
   a - Beastly Appendage              Transmutation                1
   b - Sticks to Snakes               Transmutation                2
   c - Spider Form                    Transmutation/Poison         3
   d - Ice Form                       Ice/Transmutation            4
   e - Blade Hands                    Transmutation                5
 H - a book of Maledictions

   Spells                             Type                      Level
   a - Corona                         Hexes                        1
   b - Ensorcelled Hibernation        Hexes/Ice                    2
   c - Confuse                        Hexes                        3
   d - Tukima's Dance                 Hexes                        3
   e - Dazzling Spray                 Conjuration/Hexes            3
Comestibles
 d - 14 rations
 J - 9 chunks of flesh


   Skills:
 + Level 5.7 Fighting
 + Level 5.1 Short Blades
 + Level 5.1 Long Blades
 + Level 5.1 Axes
 + Level 5.1 Maces & Flails
 + Level 5.1 Polearms
 + Level 5.1 Staves
 + Level 5.1 Slings
 + Level 5.1 Bows
 + Level 5.1 Crossbows
 + Level 5.1 Throwing
 + Level 5.1 Armour
 + Level 6.9 Dodging
 + Level 5.1 Stealth
 + Level 5.1 Shields
 + Level 8.4 Unarmed Combat
 + Level 7.2 Spellcasting
 + Level 4.2 Conjurations
 + Level 4.2 Hexes
 + Level 4.2 Charms
 + Level 4.2 Summonings
 + Level 4.2 Necromancy
 + Level 4.2 Translocations
 + Level 5.7 Transmutations
 + Level 4.2 Fire Magic
 + Level 4.2 Ice Magic
 + Level 4.2 Air Magic
 + Level 4.2 Earth Magic
 + Level 4.2 Poison Magic
 + Level 5.6 Invocations
 + Level 5.1 Evocations


You had 13 spell levels left.
You knew the following spells:

 Your Spells              Type           Power        Failure   Level  Hunger
a - Beastly Appendage     Tmut           ####..       4%          1    None
b - Sticks to Snakes      Tmut           ####....     6%          2    None
c - Spider Form           Tmut/Pois      ####......   12%         3    #......
d - Ice Form              Ice/Tmut       ####....     30%         4    ###....


Dungeon Overview and Level Annotations

Branches:
Dungeon (8/15)             Temple (1/1) D:4
   Lair: D:8-11

Altars:
Ashenzari
Dithmenos
Fedhas
Kikubaaqudgha
Nemelex Xobeh
Okawaru
Qazlal
Ru
Sif Muna
Trog
Uskayaw
Vehumet
Wu Jian
Xom
Yredelemnul
Zin
The Shining One


Innate Abilities, Weirdness & Mutations

Your experience applies equally to all skills.
((You have very sharp teeth.))
Your uncanny sense of smell can sniff out nearby items.


Message History

Your horns disappear.
You turn into a venomous arachnid creature.
The +7 trident "Dilefa" {protect, Dex+5} melds into your body.
Your +0 cloak melds into your body.
Your +0 pair of boots melds into your body.
Your +0 leather armour melds into your body.
The +7 trident "Dilefa" {protect, Dex+5} goes still.
The orc misses you. The two-headed ogre misses you. x2
The orc closely misses you.
You bite the two-headed ogre!
The two-headed ogre is poisoned.
The two-headed ogre is moderately wounded.
The two-headed ogre hits you with a dire flail!!
* * * LOW HITPOINT WARNING * * *
The two-headed ogre misses you.
The orc wizard casts a spell.
The orc wizard blinks!
The two-headed ogre completely misses you. x2
You feel better. The two-headed ogre closely misses you.
The two-headed ogre hits you with a giant club!!
You die...

#.#.# ##.#.# ∆ ∆ ##
#####.#..# ..##
#....###.# ♣♣♣♣♣# ...
#.###.#.##
#♣♣♣....♣♣#
#.###.####.##
♣♣.........♣♣#..#...#
#.#
♣...........♣##...#.#
#.#
♣............♣#.s...#
#.##
♣............♣##O#.##
#..#
♣.._..♣♣♣♣♣♣..♣#o..#
##.# #♣⌠.⌠♣#
#♣..#o..# #.# #♣♣♣#
#♣...#.# #.# #.....#
#.# #.....#####.#
#§..........#
#....########


You could see a two-headed ogre, an orc wizard and an orc.

Vanquished Creatures
  Pikel (D:7)
  A hippogriff (D:4)
  Sigmund (D:6)
  A spriggan (D:7)
  The ghost of bmj180 the Covered, an amateur MiFi (D:4)
  Eustachio (D:4)
  Duvessa (D:3)
  2 sky beasts
  An ice beast (D:6)
  2 orc warriors
  A slave (D:8)
  5 ogres
  A bullfrog (D:8)
  Dowan (D:3)
  2 scorpions (D:5)
  4 wights (D:6)
  3 killer bees
  7 howler monkeys
  2 bullfrog zombies
  3 crimson imps
  A centaur zombie (D:5)
  A jelly (D:7)
  Crazy Yiuf (D:2)
  A hound (D:4)
  4 orc priests
  Jessica (D:3)
  A gnoll shaman (D:5)
  Ijyb (D:4)
  Terence (D:2)
  Natasha (twice) (D:2)
  3 iguanas
  7 worker ants
  2 orc wizards
  A hound skeleton (D:5)
  2 worker ant zombies
  8 gnolls (D:5)
  5 river rats
  9 adders
  A shadow imp (D:7)
  4 oozes
  An adder skeleton (D:4)
  6 worms
  2 dart slugs
  5 leopard geckos
  18 orcs
  3 giant cockroaches
  2 hobgoblins (D:3)
  3 jackals (D:5)
  5 kobolds
  6 quokkas
  6 ball pythons
  7 bats
  10 frilled lizards
  7 goblins
  A jackal skeleton (D:4)
  20 rats
199 creatures vanquished.

Vanquished Creatures (collateral kills)
  An ogre (D:7)
1 creature vanquished.

Vanquished Creatures (others)
  A wyvern skeleton (D:8)
  2 orcs (D:8)
3 creatures vanquished.

Grand Total: 203 creatures vanquished

Notes
Turn   | Place    | Note
-------+----------+-------------------------------------------
     0 | D:1      | KeeTraxx the Gnoll Transmuter began the quest for the Orb.
     0 | D:1      | Reached XP level 1. HP: 17/17 MP: 6/6
   240 | D:1      | Reached XP level 2. HP: 23/23 MP: 5/7
  1075 | D:2      | Reached XP level 3. HP: 28/28 MP: 7/9
  1079 | D:2      | Reached skill level 5 in Spellcasting
  1086 | D:2      | Learned a level 2 spell: Sticks to Snakes
  1090 | D:2      | Learned a level 3 spell: Spider Form
  1099 | D:2      | Found a runed door.
  1207 | D:2      | Noticed Crazy Yiuf
  1213 | D:2      | Killed Crazy Yiuf
  1213 | D:2      | Reached skill level 1 in Short Blades
  1213 | D:2      | Reached skill level 1 in Long Blades
  1213 | D:2      | Reached skill level 1 in Axes
  1213 | D:2      | Reached skill level 1 in Maces & Flails
  1213 | D:2      | Reached skill level 1 in Polearms
  1213 | D:2      | Reached skill level 1 in Staves
  1213 | D:2      | Reached skill level 1 in Slings
  1213 | D:2      | Reached skill level 1 in Bows
  1213 | D:2      | Reached skill level 1 in Crossbows
  1213 | D:2      | Reached skill level 1 in Throwing
  1213 | D:2      | Reached skill level 1 in Armour
  1213 | D:2      | Reached skill level 1 in Stealth
  1213 | D:2      | Reached skill level 1 in Shields
  1213 | D:2      | Reached skill level 1 in Invocations
  1213 | D:2      | Reached skill level 1 in Evocations
  1267 | D:2      | Reached XP level 4. HP: 23/34 MP: 9/11
  1601 | D:2      | Noticed Natasha
  1607 | D:2      | Killed Natasha
  1632 | D:2      | Noticed Terence
  1704 | D:2      | Killed Terence
  1704 | D:2      | Reached skill level 1 in Conjurations
  1704 | D:2      | Reached skill level 1 in Hexes
  1704 | D:2      | Reached skill level 1 in Charms
  1704 | D:2      | Reached skill level 1 in Summonings
  1704 | D:2      | Reached skill level 1 in Necromancy
  1704 | D:2      | Reached skill level 1 in Translocations
  1704 | D:2      | Reached skill level 1 in Fire Magic
  1704 | D:2      | Reached skill level 1 in Ice Magic
  1704 | D:2      | Reached skill level 1 in Air Magic
  1704 | D:2      | Reached skill level 1 in Earth Magic
  1704 | D:2      | Reached skill level 1 in Poison Magic
  1772 | D:2      | Reached XP level 5. HP: 40/40 MP: 10/12
  1863 | D:2      | Noticed Natasha
  1875 | D:2      | Killed Natasha
  2344 | D:3      | Found a shadowy altar of Dithmenos.
  2461 | D:3      | Noticed Jessica
  2469 | D:3      | Killed Jessica
  2469 | D:3      | Reached XP level 6. HP: 38/47 MP: 11/13
  2754 | D:4      | Noticed Duvessa
  2754 | D:4      | Noticed Dowan
  2766 | D:3      | HP: 1/47 [poisoned by Duvessa]
  2766 | D:3      | Killed Duvessa
  2766 | D:3      | Reached skill level 5 in Dodging
  2774 | D:3      | Killed Dowan
  3039 | D:4      | Noticed bmj180's ghost (amateur MiFi)
  3059 | D:3      | Reached XP level 7. HP: 52/52 MP: 12/15
  3072 | D:3      | Learned a level 4 spell: Ice Form
  3188 | D:4      | Noticed Ijyb
  3209 | D:4      | Killed Ijyb
  3209 | D:4      | Reached skill level 7 in Unarmed Combat
  3309 | D:4      | Killed bmj180's ghost
  3922 | D:4      | Found a staircase to the Ecumenical Temple.
  3930 | D:4      | Noticed Eustachio
  3945 | D:4      | Killed Eustachio
  3945 | D:4      | Reached XP level 8. HP: 57/60 MP: 13/16
  4656 | D:5      | Entered Level 5 of the Dungeon
  4766 | D:5      | Got a smoking buckler
  4773 | D:5      | Identified the +0 buckler "Usothrer" {*Corrode rPois MR- SInv} (You found it on level 5 of the Dungeon)
  4803 | D:5      | Noticed a hippogriff
  4832 | D:4      | Killed a hippogriff
  5221 | D:5      | Found a shattered altar of Ashenzari.
  5549 | D:6      | Reached XP level 9. HP: 66/66 MP: 18/18
  5565 | D:6      | Found a glowing drain.
  5578 | Sewer    | Entered a sewer
  6028 | D:6      | Reached skill level 5 in Transmutations
  6107 | D:6      | Noticed Sigmund
  6118 | D:6      | Killed Sigmund
  6334 | D:6      | Found a blossoming altar of Fedhas.
  6447 | D:6      | Reached skill level 5 in Fighting
  6738 | D:7      | Reached skill level 8 in Unarmed Combat
  6903 | D:7      | Reached skill level 5 in Invocations
  6981 | D:7      | Got a faintly glowing trident
  6982 | D:7      | Identified the +7 trident "Dilefa" {protect, Dex+5} (You found it on level 7 of the Dungeon)
  7149 | D:7      | Got a brightly glowing scale mail
  7150 | D:7      | Identified the +0 scale mail "Vown" {rF+ Regen+ Str+2} (You found it on level 7 of the Dungeon)
  7329 | D:7      | Reached XP level 10. HP: 58/74 MP: 15/20
  7336 | D:7      | Found a sacrificial altar of Ru.
  7641 | Temple   | Entered the Ecumenical Temple
  7918 | Temple   | Became a worshipper of Warmaster Okawaru
  8036 | D:8      | Noticed Pikel
  8140 | D:7      | Killed Pikel
  8140 | D:7      | Reached * piety under Okawaru
  8140 | D:7      | Reached skill level 5 in Short Blades
  8140 | D:7      | Reached skill level 5 in Long Blades
  8140 | D:7      | Reached skill level 5 in Axes
  8140 | D:7      | Reached skill level 5 in Maces & Flails
  8140 | D:7      | Reached skill level 5 in Polearms
  8140 | D:7      | Reached skill level 5 in Staves
  8140 | D:7      | Reached skill level 5 in Slings
  8140 | D:7      | Reached skill level 5 in Bows
  8140 | D:7      | Reached skill level 5 in Crossbows
  8140 | D:7      | Reached skill level 5 in Throwing
  8140 | D:7      | Reached skill level 5 in Armour
  8140 | D:7      | Reached skill level 5 in Stealth
  8140 | D:7      | Reached skill level 5 in Shields
  8140 | D:7      | Reached skill level 5 in Evocations
  8260 | D:8      | Found a basalt altar of Yredelemnul.
  8337 | D:8      | Noticed a two-headed ogre
  8387 | D:8      | Mangled by a two-headed ogre

Skill      XL: |  1  2  3  4  5  6  7  8  9 10 |
---------------+-------------------------------+-----
Spellcasting   | 5 6 7 |  7.2
Short Blades   | 1 2 3 4 5 |  5.1
Long Blades    | 1 2 3 4 5 |  5.1
Axes           | 1 2 3 4 5 |  5.1
Maces & Flails | 1 2 3 4 5 |  5.1
Polearms       | 1 2 3 4 5 |  5.1
Staves         | 1 2 3 4 5 |  5.1
Slings         | 1 2 3 4 5 |  5.1
Bows           | 1 2 3 4 5 |  5.1
Crossbows      | 1 2 3 4 5 |  5.1
Throwing       | 1 2 3 4 5 |  5.1
Armour         | 1 2 3 4 5 |  5.1
Stealth        | 1 2 3 4 5 |  5.1
Shields        | 1 2 3 4 5 |  5.1
Invocations    | 1 2 3 4 5 |  5.6
Evocations     | 1 2 3 4 5 |  5.1
Conjurations   | 1 2 3 4 |  4.2
Hexes          | 1 2 3 4 |  4.2
Charms         | 1 2 3 4 |  4.2
Summonings     | 1 2 3 4 |  4.2
Necromancy     | 1 2 3 4 |  4.2
Translocations | 1 2 3 4 |  4.2
Fire Magic     | 1 2 3 4 |  4.2
Ice Magic      | 1 2 3 4 |  4.2
Air Magic      | 1 2 3 4 |  4.2
Earth Magic    | 1 2 3 4 |  4.2
Poison Magic   | 1 2 3 4 |  4.2
Fighting       | 3 4 5 |  5.7
Transmutations | 4 5 |  5.7
Dodging        | 5 6 |  6.9
Unarmed Combat | 7 8 |  8.4

Action                   |  1- 3 |  4- 6 |  7- 9 | 10-12 || total
-------------------------+-------+-------+-------+-------++-------
Melee: Unarmed           |    56 |   113 |   305 |    21 ||   495
       Headbutt          |     7 |    11 |     4 |     2 ||    24
       Punch             |       |     4 |     1 |     3 ||     8
       Bite              |       |     5 |     3 |    10 ||    18
       Trident           |       |       |    37 |    62 ||    99
 Fire: Hunting sling     |       |    12 |    86 |       ||    98
 Cast: Beastly Appendage |    14 |    12 |     6 |     2 ||    34
       Spider Form       |     1 |     6 |    26 |     1 ||    34
       Sticks to Snakes  |       |     2 |     6 |       ||     8
       Ice Form          |       |       |    14 |     1 ||    15
 Abil: End Transformatio |     1 |       |       |       ||     1
Evoke: Wand              |       |       |     1 |       ||     1
  Use: Potion            |       |     1 |       |     1 ||     2
       Scroll            |       |       |     8 |       ||     8
 Stab: Sleeping          |     1 |     2 |    10 |     1 ||    14
       Distracted        |       |       |     1 |       ||     1
  Eat: Chunk             |     1 |     4 |    16 |       ||    21
       Ration            |       |     1 |       |     1 ||     2
Armor: Robe              |    17 |     2 |       |       ||    19
       Skin              |       |     7 |    32 |     2 ||    41
       Leather armour    |       |    18 |     8 |     6 ||    32
       Scale mail        |       |       |     4 |     9 ||    13
Dodge: Dodged            |    37 |    89 |   233 |    73 ||   432
